 Seeded DCSS version 0.30-a0-715-gdb4ae3ece1 (webtiles) character file.

Game seed: 5430720872467839093 (custom seed)

129 OTABOTABOTAB the Insei (level 5, 33/33 HPs)
             Began as an Octopode Transmuter on Jan 23, 2023.
             Quit the game on level 2 of the Dungeon.
             The game lasted 00:03:44 (1821 turns).

OTABOTABOTAB the Insei (Octopode Transmuter)        Turns: 1821, Time: 00:03:45

Health: 33/33      AC:  1    Str: 15    XL:     5   Next: 12%
Magic:  9/9        EV: 13    Int: 18    God:
Gold:   2410       SH:  0    Dex: 12    Spells: 3/9 levels left

rFire   . . .      SeeInvis .      - Unarmed
rCold   + . .      Faith    .    (no shield)
rNeg    . . .      Spirit   .    (helmet restricted)
rPois   .          Reflect  .    (no amulet)
rElec   .          Harm     .    a - +6 ring of strength
rCorr   .          Rampage  .    Q - +4 ring of slaying
Will    .....                    C - ring of protection from cold {rC+, !d}
Stlth   ++                       (no ring)
HPRegen 0.25/turn                (no ring)
MPRegen 0.11/turn                (no ring)
                                 (no ring)
                                 (no ring)

@: no status effects
A: almost no armour, amphibious, 8 rings, camouflage 1, gelatinous body 1,
(nimble swimmer 1), tentacles
a: no special abilities


You were on level 2 of the Dungeon.
You visited 1 branch of the dungeon, and saw 2 of its levels.

You collected 2410 gold pieces.

Inventory:

Missiles
 s - 8 stones (quivered)
Jewellery
 a - a +6 ring of strength (left tentacle)
   (You found it on level 1 of the Dungeon)
 C - a ring of protection from cold (on tentacle) {rC+, !d}
   (You found it on level 2 of the Dungeon)
 Q - a +4 ring of slaying (right tentacle)
   (You acquired it on level 2 of the Dungeon)
Scrolls
 c - 2 scrolls of amnesia
 g - a scroll of immolation {unknown}
Potions
 b - a potion of attraction {unknown}
 d - 2 potions of curing {unknown}
 P - a potion of lignification {!q}
 U - a potion of mutation {!q}


   Skills:
 - Level 1.0 Fighting
 - Level 2.0 Dodging
 * Level 4.5 Unarmed Combat
 + Level 2.9 Spellcasting
 + Level 3.0 Transmutations


You had 3 spell levels left.
You knew the following spells:

 Your Spells              Type           Power      Damage    Failure   Level
a - Beastly Appendage     Tmut           26%        N/A       4%          1
b - Wereblood             Tmut           13%        N/A       7%          2
c - Spider Form           Tmut/Pois      8%         N/A       26%         3

Your spell library contained the following spells:

 Spells                   Type           Power      Damage    Failure   Level
 Ice Form                 Ice/Tmut       8%         N/A       65%         4


Dungeon Overview and Level Annotations

Branches:
Dungeon (2/15)

Altars:

Shops:
D:2 ?


Innate Abilities, Weirdness & Mutations

You cannot wear most types of armour.
You are amphibious.
You can wear up to eight rings at the same time.
Your skin changes colour to match your surroundings (Stealth+).
Your rubbery body absorbs attacks. (AC +1, EV +1)
((You are camouflaged when in or above water. (Stealth+)))
You have tentacles for arms and can constrict up to eight enemies at once.


Message History

You now have 6/7 mp.
You throw a stone.
The stone hits the endoplasm but does no damage.
You tentacle-slap the endoplasm. The endoplasm hits you.
You take 3 damage, and have 25/28 hp.
Unknown command.
You tentacle-slap the endoplasm.
You kill the endoplasm!
No target in view!
No target in view!
Your tentacle spike disappears.
c - 2 scrolls of amnesia (gained 1)
C - a ring of protection from cold {rC+, !d} Health restored: 28; MP restored: 7 You see here a +0 robe.
A necrophage comes into view.
One of your tentacles grows a vicious spike.
The necrophage hits you.
You feel drained.
You take 2 damage, and have 26/27 hp.
You now have 6/7 mp.
You closely miss the necrophage. Your grab misses the necrophage.
The necrophage hits you.
You take 6 damage, and have 20/27 hp.
MASSIVE DAMAGE!!
You barely miss the necrophage. You grab the necrophage.
You pierce the necrophage.
You constrict the necrophage. The necrophage hits you!
You feel drained.
You take 8 damage, and have 12/25 hp.
MASSIVE DAMAGE!!
You tentacle-slap the necrophage.
You pierce the necrophage.
Your transformation is almost over.
You constrict the necrophage. The necrophage barely misses you.
You barely miss the necrophage.
You pierce the necrophage.
You squeeze the necrophage, but do no damage.
You constrict the necrophage. The necrophage hits you.
You feel drained.
* * * LOW HITPOINT WARNING * * *
You take 6 damage, and have 6/23 hp.
MASSIVE DAMAGE!!
You tentacle-slap the necrophage but do no damage.
You pierce the necrophage.
You squeeze the necrophage.
You destroy the necrophage!
Your life force feels restored.
Your Transmutations skill increases to level 3!
You have reached level 5!
You feel clever.
You start resting.
Your tentacle spike disappears.
Health restored: 33; MP restored: 9 Unknown command.
You see here a necrophage corpse.
Found a stone staircase leading up.
f - a scroll labelled FOAG OXIETEFUL
There is a stone staircase leading up here.
There is a stone staircase leading up here.
g - a scroll labelled ULOOHASMUSE
As you read the scroll labelled FOAG OXIETEFUL, it crumbles to dust.
The scroll dissolves into smoke.
It was a scroll of fog.
This is a scroll of acquirement!
Something appears before you!
Q - a +4 ring of slaying Something appears before you!
You now have 874 gold pieces (gained 820).
Something appears before you!
You now have 1549 gold pieces (gained 675).
Found a stone staircase leading down.
Q - a +4 ring of slaying (right tentacle)
C - a ring of protection from cold (on tentacle) {rC+, !d}
Okay, then.
Unknown command.
Found a stone staircase leading down.
There is a stone staircase leading down here.
There is a stone staircase leading down here.
s - 7 stones (quivered)
Found Doddoiw's Magic Scroll Shoppe.
No target in view!
There is an entrance to Doddoiw's Magic Scroll Shoppe here.
s - 9 stones (gained 2)
Found a stone staircase leading down.
There is a stone staircase leading down here.
A bat comes into view.
A bat is nearby!
You throw a stone. The stone hits the bat.
You kill the bat!
No target in view!
Memorise Wereblood, consuming 2 spell levels and leaving 6?
You start memorising the spell.
You continue memorising. x2
You finish memorising.
Spell assigned to 'b'.
This spell is quite dangerous to cast!
Memorise Spider Form, consuming 3 spell levels and leaving 3?
You start memorising the spell.
You continue memorising. x3
You finish memorising.
Spell assigned to 'c'.
Okay, then.
e - a scroll of acquirement
There is a stone staircase leading down here.
There is a stone staircase leading down here.
Done exploring.
Something appears before you!
You now have 2410 gold pieces (gained

861). #.# #..#.# #.#
#..#
#.##########..#.## #.#
#..#
#..........#..#..###.#
#..#######
......####......∩....#
#.........
#####..........#######
##.#######
#..........# #.#
#.########.# #.#
#####.# #.##########.#
......# #..@.........#
####### ##############


There were no monsters in sight!

Vanquished Creatures
  A necrophage (D:2)
  3 gnolls (D:2)
  An adder (D:2)
  3 bats
  5 endoplasms
  4 goblins
  A hobgoblin (D:1)
  4 jackals (D:1)
  5 kobolds
  2 quokkas (D:1)
  2 ball pythons (D:1)
  A frilled lizard (D:2)
  A rat (D:1)
33 creatures vanquished.

Notes
Turn   | Place    | Note
-------+----------+-------------------------------------------
     0 | D:1      | OTABOTABOTAB the Octopode Transmuter began the quest for
                  | the Orb.
     0 | D:1      | Reached XP level 1. HP: 13/13 MP: 3/3
   183 | D:1      | Reached XP level 2. HP: 11/18 MP: 3/5
   953 | D:1      | Reached XP level 3. HP: 23/23 MP: 4/6
  1079 | D:2      | Reached skill level 4 in Unarmed Combat
  1135 | D:2      | Reached XP level 4. HP: 27/28 MP: 7/7
  1377 | D:2      | Noticed a necrophage
  1383 | D:2      | Killed a necrophage
  1384 | D:2      | Reached skill level 3 in Transmutations
  1384 | D:2      | Reached XP level 5. HP: 7/33 MP: 6/9
  1541 | D:2      | Identified 3 scrolls of acquirement
  1541 | D:2      | Acquired a +4 ring of slaying
  1543 | D:2      | Acquired 820 gold pieces
  1545 | D:2      | Acquired 675 gold pieces
  1604 | D:2      | Found Doddoiw's Magic Scroll Shoppe.
  1665 | D:2      | Learned a level 2 spell: Wereblood
  1669 | D:2      | Learned a level 3 spell: Spider Form
  1819 | D:2      | Acquired 861 gold pieces
  1821 | D:2      | Quit the game

Illustrated notes

Levels and vault maps discovered:
D:1:      dpeg_arrival_boxes_within_box, layout_basic
D:2:      layout_loops_ring, serial_shops, shop, nicolae_kite_square_tiling_tiny

Skill      XL: |  1  2  3  4 |
---------------+-------------+-----
Unarmed Combat | 4 |  4.5
Transmutations | 3 |  3.0
Fighting       | |  1.0
Dodging        | |  2.0
Spellcasting   | |  2.9

Action                     |  1- 3 |  4- 6 || total
---------------------------+-------+-------++-------
  Melee: Unarmed           |    47 |    20 ||    67
         Kick              |    14 |     7 ||    21
         Constrict         |    12 |     5 ||    17
         Tentacles         |     4 |     3 ||     7
         Punch             |     2 |     1 ||     3
  Throw: Stone             |     6 |     5 ||    11
   Cast: Beastly Appendage |    11 |     4 ||    15
Ability: End Transformatio |     7 |     3 ||    10
    Use: Scroll            |     6 |     6 ||    12
   Stab: Sleeping          |     4 |       ||     4
 Armour: Skin              |     2 |     2 ||     4
  Dodge: Dodged            |    17 |    12 ||    29

Table legend: (Time is in decaauts)
 A = Elapsed time spent in this place.
 B = Non-inter-level travel time spent in this place.
 C = Inter-level travel time spent in this place.
 D = Time resting spent in this place.
 E = Time spent auto-exploring this place.
 F = Levels seen in this place.
 G = Mean time per level.
                   A        B        C        D        E       F      G
               +--------+--------+--------+--------+--------+-----+--------+
         Total |   1815 |   1782 |     33 |    181 |   1353 |   2 |  907.5 |
       Dungeon |   1815 |   1782 |     33 |    181 |   1353 |   2 |  907.5 |
               +--------+--------+--------+--------+--------+-----+--------+

Top non-repeatable levels by time:
     D:1: 1021 daAuts
     D:2: 794 daAuts

Table legend:
 A = Kills in this place as a percentage of kills in entire the game.
 B = Kills by you in this place as a percentage of kills by you in the entire game.
 C = Kills by friends in this place as a percentage of kills by friends in the entire game.
 D = Other kills in this place as a percentage of other kills in the entire game.
 E = Experience gained in this place as a percentage of experience gained in the entire game.
 F = Experience gained in this place divided by the number of levels of this place that you have seen.
                   A       B       C       D       E      F
               +-------+-------+-------+-------+-------+----------------------
         Total | 100.0 | 100.0 |   N/A |   N/A | 100.0 |  92.5
       Dungeon | 100.0 | 100.0 |   N/A |   N/A | 100.0 |  92.5
               +-------+-------+-------+-------+-------+----------------------
